 Dungeon Crawl Stone Soup version 0.30.0-29-ga12c61a403 (webtiles) character file.

Game seed: 1307929827933913569

8675 Cheops the Slicer (level 11, -10/79 HPs)
             Began as an Armataur Earth Elementalist on June 24, 2023.
             Was a Believer of Uskayaw.
             Mangled by a quicksilver ooze (16 damage)
             ... in an ice cave on June 25, 2023.
             The game lasted 00:53:08 (16444 turns).

Cheops the Slicer (Armataur Earth Elementalist)    Turns: 16444, Time: 00:53:09

Health: -10/79     AC:  5    Str: 12 (14) XL:     11   Next: 13%
Magic:  0/17       EV: 14    Int: 19      God:    Uskayaw [**....]
Gold:   487        SH:  4    Dex: 11      Spells: 8/18 levels left

rFire   + . .        a - staff of earth
rCold   + . .        m - +0 buckler
rNeg    . . .        z - +0 robe {rC+}
rPois   .            (no helmet)
rElec   .            j - +0 cloak
rCorr   .            (no gloves)
SInv    .            (no barding)
Will    .....        g - amulet of faith
Stlth   ++++         i - ring of protection from fire
HPRegen 0.33/turn    P - +5 ring of evasion
MPRegen 0.15/turn

%: roll, faith
@: no status effects
A: large, rugged brown scales 3, deformed body, armoured tail, roll, long
tongue, awkward tongue
a: Renounce Religion, Stomp, Line Pass


You were in an ice cave.
You worshipped Uskayaw.
Uskayaw was noncommittal.
You visited 2 branches of the dungeon, and saw 12 of its levels.
You also visited: Ice Cave.

You collected 599 gold pieces.
You spent 112 gold pieces at shops.

Inventory:

Hand Weapons
 b - a +2 dagger of venom
 c - a +1 short sword of protection
 L - a +1 scimitar of flaming
 S - a +2 vampiric dagger
Armour
 j - a +0 cloak (worn)
 m - a +0 buckler (worn)
 p - the +2 leather armour of the Moon {rCorr}
   (You found it on level 2 of the Dungeon)

   rCorr:     It protects you from acid and corrosion.
 z - a +0 robe of cold resistance (worn)
 F - +0 acid dragon scales
 M - a +0 robe of fire resistance
 N - a +0 troll leather armour
 Q - a scarf of invisibility
Magical Staves
 a - a staff of earth (weapon)
 R - a staff of fire
 V - a staff of conjuration
Jewellery
 e - a ring of positive energy
 g - an amulet of faith (around neck)
 i - a ring of protection from fire (left hand)
 G - a +6 ring of dexterity
 O - a ring of protection from fire
 P - a +5 ring of evasion (right hand)
 W - a ring of resist corrosion
Wands
 w - a wand of acid (6)
 K - a wand of flame (6)
Scrolls
 d - 2 scrolls of immolation {unknown}
 f - 2 scrolls of enchant weapon {unknown}
 o - 4 scrolls of teleportation {unknown}
 t - a scroll of butterflies {unknown}
 u - 2 scrolls of brand weapon {unknown}
 x - a scroll of amnesia
 y - 2 scrolls of silence {unknown}
 A - 2 scrolls of poison
 B - 2 scrolls of magic mapping
 C - a scroll of vulnerability
 E - 3 scrolls of fog
 T - 2 scrolls of noise
Potions
 h - 4 potions of brilliance
 k - 2 potions of berserk rage
 l - 2 potions of lignification
 n - a potion of attraction
 q - 2 potions of flight {unknown}
 r - 2 potions of invisibility {unknown}
 s - 5 potions of magic
 v - a potion of cancellation {unknown}
 D - 3 potions of curing
 H - 2 potions of might {unknown}
 I - a potion of mutation {unknown}
 J - 3 potions of heal wounds
 U - a potion of haste {unknown}


   Skills:
 - Level 10.0 Short Blades
 - Level 3.0 Armour
 - Level 1.3 Dodging
 - Level 10.0 Stealth
 - Level 3.0 Shields
 - Level 4.0 Spellcasting
 - Level 4.0 Conjurations
 - Level 4.0 Transmutations
 + Level 6.6 Earth Magic


You had 8 spell levels left.
You knew the following spells:

 Your Spells              Type           Power      Damage    Failure   Level
a - Sandblast             Erth           86%        2d18      1%          1
b - Stone Arrow           Conj/Erth      70%        3d11      6%          3
p - Petrify               Tmut/Erth      35%        N/A       22%         4
P - Passwall              Tmut/Erth      29%        N/A       3%          2

Your spell library contained the following spells:

 Spells                   Type           Power      Damage    Failure   Level
 Freeze                   Ice            12%        1d3       19%         1
 Hailstorm                Conj/Ice       11%        3d5       24%         3
 Blink                    Tloc           6%         N/A       28%         2
 Vhi's Electric Charge    Tloc/Air       6%         N/A       50%         3
 Ice Form                 Ice/Tmut       11%        N/A       63%         4
 Animate Dead             Necr           3%         N/A       88%         4
 Manifold Assault         Tloc           3%         N/A       88%         4
 Arcjolt                  Conj/Air       5%         1d15      92%         5
 Summon Forest            Summ/Tloc      1%         N/A       99%         5
 Summon Mana Viper        Hex/Summ       3%         N/A       99%         5
 Dispersal                Tloc           1%         N/A       100%        6
 Simulacrum               Ice/Necr       1%         N/A       100%        6
 Summon Cactus Giant      Summ           1%         N/A       100%        6
 Haunt                    Necr/Summ      1%         N/A       100%        7
 Storm Form               Tmut/Air       5%         N/A       100%        7
 Disjunction              Tloc           1%         N/A       100%        8
 Infestation              Necr           1%         N/A       100%        8
 Maxwell's Capacitive Co  Air            1%         ∞         100%        8


Dungeon Overview and Level Annotations

Branches:
Dungeon (11/15)            Temple (1/1) D:6            Lair (0/5) D:8
    Orc (0/2) D:9           IceCv (1/1)

Altars:
Ashenzari
Cheibriados
Dithmenos
Elyvilon
Fedhas
Gozag
Hepliaklqana
Kikubaaqudgha
Makhleb
Nemelex Xobeh
Okawaru
Qazlal
Ru
Sif Muna
Trog
Uskayaw
Vehumet
Wu Jian
Xom
Yredelemnul
Zin
The Shining One

Shops:
D:7 *   D:9 !

Portals:
Trove: D:10 (give 9 potions of haste)


Innate Abilities, Weirdness & Mutations

You are completely covered in rugged brown scales. (AC +3, +7% HP)
Armour fits poorly on your strangely shaped body.
You have a long armoured tail.
You roll when moving toward enemies. (Rampage)
Your long tongue fully drains potion bottles. (2x potion effects)
Your tongue gives you trouble enunciating. (1.5x scroll delay)


Message History

* * * LOW HITPOINT WARNING * * *
You can now pass through a line of other dancers.
You cannot cast spells while unable to breathe!
You cannot read scrolls while unable to breathe!
Unknown command.
Unknown command.
Unknown command.
You feel much better.
You slurp down every last drop of the potion of heal wounds!
Your lungs strain for air!
The quicksilver ooze hits you! The quicksilver ooze hits you.
You block the quicksilver ooze's attack.
The quicksilver ooze hits you.
* * * LOW HITPOINT WARNING * * *
The quicksilver ooze attacks as you move away!
The quicksilver ooze hits you!
* * * LOW HITPOINT WARNING * * *
You block the quicksilver ooze's attack.
You slip free of the ooze engulfing you.
You gasp with relief as air once again reaches your lungs.
As you slowly read the scroll labelled PAANGO GIMODAOMN, it crumbles to dust.
You hear a loud clanging noise!
It was a scroll of noise.
The quicksilver ooze hits you!
* * * LOW HITPOINT WARNING * * *
The quicksilver ooze engulfs you! The quicksilver ooze hits you.
* * * LOW HITPOINT WARNING * * *
The quicksilver ooze barely misses you. The quicksilver ooze hits you!
* * * LOW HITPOINT WARNING * * *
The quicksilver ooze closely misses you.
The quicksilver ooze hits you.
* * * LOW HITPOINT WARNING * * *
You cannot read scrolls while unable to breathe!
Unknown command.
Unknown command.
Unknown command.
You slip free of the ooze engulfing you.
You gasp with relief as air once again reaches your lungs.
The quicksilver ooze attacks as you move away!
The quicksilver ooze hits you!
You die...

#..##...#
##.####.##
#..# ###
#..# ##.##
#..# ##..#
##..##
##@..#
#.J.##
#..##
#.......#
##......#
#.....##
##...##
####


You could see a quicksilver ooze.

Vanquished Creatures
  2 two-headed ogres
  Erica (D:8)
  Pikel (D:6)
  3 trolls
  A wraith (D:9)
  3 wyverns
  4 steam dragons
  2 acid dragons
  A water moccasin (D:8)
  2 ice beasts
  A sky beast (D:8)
  4 black bears
  7 orc warriors
  A great orb of eyes simulacrum (IceCv)
  An ogre (D:7)
  4 wolves (D:8)
  A slime creature simulacrum (IceCv)
  4 centaurs
  3 lemures
  A phantom (D:5)
  2 kobold brigands
  A bullfrog (D:8)
  2 gnoll sergeants
  A glowing shapeshifter simulacrum (IceCv)
  2 scorpions (D:7)
  5 killer bees
  11 electric eels
  3 howler monkeys
  8 hounds
  2 orc priests
  2 jellies
  3 iguanas
  7 orc wizards
  14 gnolls
  11 adders
  4 white imps
  6 worms
  A dart slug (D:2)
  27 orcs
  9 bats
  8 endoplasms
  2 giant cockroaches (D:3)
  5 goblins
  9 hobgoblins
  3 jackals
  14 kobolds
  5 quokkas
  5 ball pythons
  2 frilled lizards (D:1)
  5 rats
226 creatures vanquished.

Vanquished Creatures (others)
  An orc (D:7)
1 creature vanquished.

Grand Total: 227 creatures vanquished

Notes
Turn   | Place    | Note
-------+----------+-------------------------------------------
     0 | D:1      | Cheops the Armataur Earth Elementalist began the quest for
                  | the Orb.
     0 | D:1      | Reached XP level 1. HP: 14/14 MP: 3/3
   178 | D:1      | Found a faded altar of an unknown god.
   186 | D:1      | Got Plato's Anthology of the Glacier
   207 | D:1      | Reached XP level 2. HP: 21/21 MP: 3/5
   435 | D:1      | Learned a level 2 spell: Passwall
   986 | D:2      | Reached XP level 3. HP: 27/27 MP: 4/6
   992 | D:2      | Learned a level 3 spell: Stone Arrow
  1628 | D:2      | Reached XP level 4. HP: 35/35 MP: 2/7
  1642 | D:2      | Identified the +2 leather armour of the Moon {rCorr}
  2588 | D:3      | Found an iron altar of Okawaru.
  2692 | D:3      | Found a white marble altar of Elyvilon.
  2743 | D:3      | Found a radiant altar of Vehumet.
  2746 | D:3      | Found a shimmering altar of Xom.
  2747 | D:3      | Found a stormy altar of Qazlal.
  3274 | D:4      | Noticed a black bear
  3277 | D:4      | Killed a black bear
  3278 | D:4      | Reached skill level 5 in Earth Magic
  3278 | D:4      | Reached XP level 5. HP: 31/40 MP: 5/9
  3403 | D:4      | Reached skill level 1 in Conjurations
  3459 | D:4      | Reached skill level 1 in Shields
  3531 | D:4      | Reached XP level 6. HP: 46/48 MP: 7/10
  4185 | D:5      | Entered Level 5 of the Dungeon
  4422 | D:5      | Learned a level 4 spell: Petrify
  4476 | D:5      | Noticed an orc warrior
  4482 | D:5      | Killed an orc warrior
  4646 | D:5      | Reached XP level 7. HP: 53/53 MP: 6/11
  4939 | D:5      | Reached skill level 1 in Armour
  5172 | D:5      | Reached skill level 1 in Transmutations
  5643 | D:6      | Found a staircase to the Ecumenical Temple.
  5652 | Temple   | Entered the Ecumenical Temple
  6054 | Temple   | Became a worshipper of Uskayaw the Reveller
  6179 | D:6      | You fall into a shaft and drop 2 floors!
  6280 | D:7      | Reached * piety under Uskayaw
  6281 | D:7      | Reached ** piety under Uskayaw
  6282 | D:7      | Reached *** piety under Uskayaw
  6299 | D:8      | Reached XP level 8. HP: 51/60 MP: 4/13
  6665 | D:6      | Found a hazy altar of Hepliaklqana.
  6665 | D:6      | Found a faded altar of an unknown god.
  6673 | D:6      | Found a burning altar of Makhleb.
  6675 | D:6      | Found a snail-covered altar of Cheibriados.
  6677 | D:6      | Found a faded altar of an unknown god.
  6736 | D:6      | Reached skill level 1 in Short Blades
  7529 | D:6      | Found a hazy altar of Hepliaklqana.
  7529 | D:6      | Found a faded altar of an unknown god.
  7537 | D:6      | Found a burning altar of Makhleb.
  7539 | D:6      | Found a snail-covered altar of Cheibriados.
  7541 | D:6      | Found a faded altar of an unknown god.
  7800 | D:6      | Found a staircase to the Ecumenical Temple.
  8028 | D:6      | Reached XP level 9. HP: 54/66 MP: 0/15
  8170 | D:7      | Noticed Pikel
  8727 | D:6      | Reached **** piety under Uskayaw
  8806 | D:6      | Killed Pikel
  8807 | D:6      | Reached skill level 5 in Short Blades
  8807 | D:6      | Reached skill level 5 in Stealth
  9235 | D:7      | Found Zin's Purification Station.
  9238 | D:7      | Found a glowing silver altar of Zin.
  9873 | D:8      | Found a staircase to the Lair.
  9874 | D:8      | Noticed a troll
 10045 | D:8      | Noticed Erica
 10054 | D:8      | Killed Erica
 10067 | D:8      | HP: 4/99 [poisoned by you (poison gas)]
 10135 | D:8      | Reached XP level 10. HP: 25/73 MP: 9/16
 10762 | D:8      | Noticed a two-headed ogre
 10776 | D:8      | Killed a two-headed ogre
 10904 | D:8      | Found a blossoming altar of Fedhas.
 11034 | D:8      | Identified the +4 flail of Doom {speed, Contam Str+2 Int+2
                  | SInv}
 12079 | D:9      | Noticed a two-headed ogre
 12083 | D:9      | Killed a two-headed ogre
 12776 | D:9      | Found Gymom's Distillery.
 12897 | D:9      | Bought a potion of curing for 42 gold pieces
 12897 | D:9      | Bought a potion of heal wounds for 70 gold pieces
 13112 | D:9      | Found a staircase to the Orcish Mines.
 14327 | D:9      | Found a staircase to the Orcish Mines.
 14495 | D:9      | Found Gymom's Distillery.
 15005 | D:10     | Entered Level 10 of the Dungeon
 15316 | D:10     | Reached skill level 10 in Short Blades
 15316 | D:10     | Reached XP level 11. HP: 79/79 MP: 13/17
 15722 | D:10     | Found a portal to a secret trove of treasure.
 15804 | D:10     | Reached skill level 10 in Stealth
 16144 | D:11     | Found a frozen archway.
 16276 | IceCv    | Entered an ice cave
 16434 | IceCv    | Noticed a quicksilver ooze
 16444 | IceCv    | Mangled by a quicksilver ooze

Illustrated notes

Levels and vault maps discovered:
D:1:      dpeg_arrival_windows_large_door, layout_loops_ring,
          shapermc_ecumenical_altar_rom_forum, minmay_bisected
D:2:      minmay_diamond_boxcup, layout_loops_ring, grunt_ministairs_6,
          minivault_24, minmay_between
D:3:      layout_basic, mainiacjoe_overflow_cross_hatched,
          mainiacjoe_overflow_alcove_3, minmay_strange_pillars
D:4:      layout_loops_ring
D:5:      minmay_recursive_quarters, layout_basic
D:6:      layout_rooms, chequers_temple_overflow_minitemple,
          minmay_temple_entry_gardened_gates, serial_bayou_lagoon_b
D:7:      layout_rooms, zin_purify, uniq_pikel
D:8:      layout_gridville, lemuel_doored_altar, erik_lair_island, serial_glass,
          glass_columns_c, glass_columns_a, glass_columns_b, glass_columns_c,
          glass_columns_b, glass_columns_c, glass_columns_a, glass_columns_b,
          glass_columns_a, glass_columns_c, uniq_erica
D:9:      layout_irregular_city, david_orc_4, serial_glass, glass_columns_a,
          glass_columns_a, due_unseen_surprise, abandoned_shop,
          nicolae_inconvenience_store, dk_noncrumbling_2
D:10:     layout_gridville, nicolae_trove_entry_diagonal
D:11:     layout_basic, portal_ice_cave_entry_pillars_2
Temple:   minmay_temple_forest_path
IceCv:    ice_cave_hellmonk_azure_passage

Skill      XL: |  1  2  3  4  5  6  7  8  9 10 11 |
---------------+----------------------------------+-----
Earth Magic    | 3 4 5 6 |  6.6
Spellcasting   | 2 3 4 |  4.0
Conjurations   | 1 3 4 |  4.0
Shields        | 1 2 3 |  3.0
Armour         | 3 |  3.0
Transmutations | 3 4 |  4.0
Short Blades   | 3 7 10 | 10.0
Stealth        | 4 7 9 10 | 10.0
Dodging        | |  1.3

Action                     |  1- 3 |  4- 6 |  7- 9 | 10-12 || total
---------------------------+-------+-------+-------+-------++-------
  Melee: Dagger            |    11 |     5 |       |    22 ||    38
         Tailslap          |     2 |     1 |     2 |     1 ||     6
         Staff             |       |     1 |    10 |     4 ||    15
         Short sword       |       |       |    13 |     6 ||    19
   Cast: Sandblast         |    64 |    65 |    99 |    31 ||   259
         Stone Arrow       |       |     4 |    53 |   102 ||   159
         Passwall          |       |     1 |     7 |    25 ||    33
 Invoke: Line Pass         |       |       |     1 |       ||     1
    Use: Scroll            |       |       |     9 |     3 ||    12
         Potion            |       |       |     5 |     1 ||     6
   Stab: Paralysed         |       |       |     2 |     3 ||     5
         Sleeping          |       |       |       |     4 ||     4
 Armour: Robe              |    18 |     1 |       |       ||    19
         Leather armour    |       |    15 |    37 |    35 ||    87
  Dodge: Dodged            |    15 |     8 |    55 |    73 ||   151
  Block: Buckler           |       |     1 |    24 |    20 ||    45
